 Dungeon Crawl Stone Soup version 0.21.1-1-g345015f (webtiles) character file.

4046 Monsterracer the Cleaver (level 10, -3/91 HPs)
             Began as a Deep Dwarf Fighter on June 3, 2018.
             Was a Follower of Makhleb.
             Slain by a two-headed ogre
             ... wielding a +0 giant club
              (7 damage)
             ... on level 9 of the Dungeon.
             The game lasted 00:04:19 (3145 turns).

Monsterracer the Cleaver (Deep Dwarf Fighter)       Turns: 3145, Time: 00:04:20

Health: -3/91      AC: 15    Str: 23    XL:     10   Next: 4%
Magic:  10/10      EV:  8    Int:  9    God:    Makhleb [*.....]
Gold:   303        SH:  0    Dex: 12    Spells: 9/9 levels left

rFire    . . .     SeeInvis .   k - +3 battleaxe
rCold    . . .     Gourm    .   (shield currently unavailable)
rNeg     . . .     Faith    .   m - +1 plate armour
rPois    .         Spirit   .   (no helmet)
rElec    .         Reflect  .   (no cloak)
rCorr    .         Harm     .   (no gloves)
MR       +....                  n - +0 pair of boots
Stlth    ..........             d - amulet of rage
HPRegen  0.00/turn              (no ring)
MPRegen  0.12/turn              (no ring)

@: non-regenerating
A: damage resistance, heal wounds, sense surroundings 2, no regeneration
a: Heal Wounds, Renounce Religion, Evoke Berserk Rage


You were on level 9 of the Dungeon.
You worshipped Makhleb.
Makhleb was aware of your devotion.
You were not hungry.

You visited 1 branch of the dungeon, and saw 9 of its levels.

You collected 303 gold pieces.

Inventory:

Hand Weapons
 a - a +1 war axe
 k - a +3 battleaxe (weapon)
Missiles
 q - 2 throwing nets (quivered)
Armour
 m - a +1 plate armour (worn)
 n - a +0 pair of boots (worn)
 p - a +0 large shield
Jewellery
 d - an amulet of rage (around neck)
Scrolls
 e - a scroll of enchant weapon
 j - 3 scrolls of remove curse
 r - a scroll of fear
Potions
 b - 2 potions of berserk rage
 g - 2 potions of haste
 h - a potion of degeneration {unknown}
 i - 3 potions of curing {unknown}
 l - a potion of heal wounds
Comestibles
 c - 8 rations


   Skills:
 + Level 6.2 Fighting
 * Level 9.8 Axes
 + Level 7.4 Armour
 - Level 3.3 Dodging
 + Level 7.4 Shields
 + Level 4.3 Invocations
 + Level 0.0 Evocations


You had 9 spell levels left.
You didn't know any spells.

Dungeon Overview and Level Annotations

Branches:
Dungeon (9/15)               Lair (0/6) D:9
 Temple: D:4-7          Orc: D:9-12

Altars:
Cheibriados
Gozag
Hepliaklqana
Kikubaaqudgha
Makhleb
Okawaru
Ru
Vehumet
Xom
Zin


Innate Abilities, Weirdness & Mutations

You are resistant to damage.
You can heal yourself by infusing magical energy.
You passively map the area around you.
You do not regenerate.


Message History

Your plate armour prevents you from hitting the worker ant zombie.
The worker ant zombie is almost destroyed.
The worker ant zombie bites you but does no damage.
A worker ant zombie is nearby!
You completely miss the worker ant zombie.
The worker ant zombie is almost destroyed.
The worker ant zombie completely misses you.
A worker ant zombie is nearby!
You slash the worker ant zombie!
You destroy the worker ant zombie!
Makhleb accepts your kill.
You see here a club.
Found a stone staircase leading up.
No target in view!
Key pressed, stopping explore.
No target in view!
No target in view!
Key pressed, stopping explore.
No target in view!
There is a stone staircase leading down here.
Things that are here:
a whip; an orc skeleton
Things that are here:
a dagger; a robe
Things that are here:
a club; an orc skeleton You see here an arrow.
Key pressed, stopping explore.
Key pressed, stopping explore.
No target in view!
Key pressed, stopping explore.
No target in view!
No target in view!
Things that are here:
a war axe; a chain mail You see here 9 arrows.
All of the chunks of flesh in your inventory have rotted away.
Key pressed, stopping explore.
No target in view!
You open the door.
Found a sacrificial altar of Ru.
No target in view!
Done exploring.
No target in view!
Done exploring.
No target in view!
No target in view!
(D) Dungeon
Where to? (Enter - D:8 @ (x,y), ? - help)
There is an open door here.
There is a sacrificial altar of Ru here.
You open the door.
There is an open door here.
There is a stone staircase leading down here.
You climb downwards.
Found a stone staircase leading down.
There is a stone staircase leading up here.
Key pressed, stopping travel.
No target in view!
No target in view!
No target in view!
No target in view!
No target in view!
Found a whip.
Found a staircase to the Lair.
There is a staircase to the Lair here.
A two-headed ogre comes into view.
It is wielding a giant club and a giant spiked club.
The two-headed ogre shouts in stereo!
You hear an angry hiss.
A two-headed ogre is nearby!
A two-headed ogre is nearby!
A two-headed ogre is nearby!
A two-headed ogre is nearby!
You slash the two-headed ogre!
The two-headed ogre is moderately wounded.
The two-headed ogre hits you with a giant club!!
The two-headed ogre hits you with a giant spiked club!!
You take 35 damage, and have 35/91 hp.
MASSIVE DAMAGE!!
You hit the two-headed ogre.
The two-headed ogre is moderately wounded.
The two-headed ogre barely misses you. x2
Your plate armour prevents you from hitting the two-headed ogre.
The two-headed ogre is moderately wounded.
The two-headed ogre hits you with a giant club!
* * * LOW HITPOINT WARNING * * *
The two-headed ogre closely misses you.
You take 11 damage, and have 24/91 hp.
You are too injured to fight recklessly!
You hit the two-headed ogre.
The two-headed ogre is moderately wounded.
The two-headed ogre hits you with a giant club!
* * * LOW HITPOINT WARNING * * *
The two-headed ogre hits you with a giant spiked club!
* * * LOW HITPOINT WARNING * * *
You take 16 damage, and have 8/91 hp.
You are too injured to fight recklessly!
You fail to use your ability.
You fail to use your ability.
The two-headed ogre hits you with a giant club!
* * * LOW HITPOINT WARNING * * *
The two-headed ogre hits you with a giant spiked club!
You die...

,, , , , , , * * * ,
,* #..... , ,
#......##+###..... *
#................# ,,
, #................# ,
, ,
#................#, ,
, , #....>...........#
, #..............O.#,
, #..............@.# ,
,, #...<.......)....#,
, , ######...........#
, , , *
#...........##+#
#............... ,,
#............... , *
**
######...>............
,
#.......##############
** * #.......# * ,


You could see a two-headed ogre.

Vanquished Creatures
  A two-headed ogre (D:8)
  A spriggan (D:8)
  A wyvern (D:8)
  Duvessa (D:5)
  An orc warrior (D:8)
  3 sky beasts
  A black bear (D:8)
  5 ogres
  4 centaurs
  2 bullfrogs
  Dowan (D:5)
  4 scorpions
  4 wights (D:6)
  2 bullfrog zombies (D:5)
  A howler monkey (D:5)
  2 crimson imps (D:5)
  A quasit (D:6)
  A centaur skeleton (D:5)
  9 hounds
  2 orc priests
  2 gnoll shamans
  An iguana (D:5)
  5 orc wizards
  4 worker ants
  A hound zombie (D:5)
  A worker ant zombie (D:8)
  9 gnolls
  11 adders
  8 river rats (D:5)
  2 shadow imps
  2 worms
  A dart slug (D:1)
  3 leopard geckos
  21 orcs
  2 giant cockroaches
  3 goblins (D:3)
  5 jackals
  2 kobolds (D:2)
  13 quokkas
  5 bats
  A jackal skeleton (D:5)
  A leopard gecko zombie (D:4)
  2 quokka zombies
  20 rats
  A rat zombie (D:4)
173 creatures vanquished.

Notes
Turn   | Place    | Note
-------+----------+-------------------------------------------
     0 | D:1      | Monsterracer the Deep Dwarf Fighter began the quest for the Orb.
     0 | D:1      | Reached XP level 1. HP: 20/20 MP: 1/1
    71 | D:1      | Reached XP level 2. HP: 27/27 MP: 2/2
   132 | D:2      | Found an ancient bone altar of Kikubaaqudgha.
   274 | D:3      | Reached XP level 3. HP: 18/33 MP: 3/3
   275 | D:3      | Reached skill level 3 in Axes
   275 | D:3      | Reached skill level 1 in Dodging
   356 | D:4      | Reached XP level 4. HP: 34/42 MP: 4/4
   409 | D:4      | Reached XP level 5. HP: 25/49 MP: 5/5
   434 | D:4      | Noticed an ogre
   459 | D:4      | Killed an ogre
   459 | D:4      | Reached skill level 4 in Axes
   483 | D:4      | Found a hazy altar of Hepliaklqana.
   590 | D:5      | Entered Level 5 of the Dungeon
   605 | D:5      | Reached XP level 6. HP: 44/56 MP: 5/5
   631 | D:5      | Reached skill level 5 in Axes
   679 | D:5      | Reached XP level 7. HP: 47/63 MP: 6/6
   886 | D:5      | Reached skill level 5 in Armour
   932 | D:5      | Reached skill level 6 in Axes
   932 | D:5      | Reached skill level 5 in Shields
  1015 | D:5      | Noticed Duvessa
  1015 | D:5      | Noticed Dowan
  1029 | D:5      | Killed Duvessa
  1029 | D:5      | Reached XP level 8. HP: 48/73 MP: 7/7
  1036 | D:5      | Killed Dowan
  1164 | D:5      | Reached skill level 7 in Axes
  1243 | D:5      | Got an ichor-stained ring mail
  1340 | D:4      | Identified the +3 ring mail of Kecraffo {rC+ rN+ Int-3} (You found it on level 5 of the Dungeon)
  1770 | D:4      | Found a glowing silver altar of Zin.
  1770 | D:4      | Found a shimmering altar of Xom.
  1770 | D:4      | Found a snail-covered altar of Cheibriados.
  1770 | D:4      | Found a radiant altar of Vehumet.
  1790 | D:4      | Found an opulent altar of Gozag.
  1790 | D:4      | Found an iron altar of Okawaru.
  1926 | D:6      | Reached skill level 5 in Fighting
  2050 | D:6      | Reached skill level 8 in Axes
  2135 | D:6      | Gained mutation: You passively map the area around you. [Deep Dwarf growth]
  2135 | D:6      | Reached XP level 9. HP: 46/81 MP: 7/7
  2174 | D:6      | Found a burning altar of Makhleb.
  2225 | D:6      | Became a worshipper of Makhleb the Destroyer
  2532 | D:7      | Reached skill level 1 in Invocations
  2541 | D:7      | Reached * piety under Makhleb
  2622 | D:8      | Reached skill level 9 in Axes
  2829 | D:8      | Noticed a two-headed ogre
  2842 | D:8      | Killed a two-headed ogre
  2842 | D:8      | Reached XP level 10. HP: 49/91 MP: 9/11
  3082 | D:8      | Found a sacrificial altar of Ru.
  3118 | D:9      | Found a staircase to the Lair.
  3136 | D:9      | Noticed a two-headed ogre
  3145 | D:9      | HP: 4/91 [two-headed ogre/giant club (4)]
  3145 | D:9      | Slain by a two-headed ogre

Skill      XL: |  1  2  3  4  5  6  7  8  9 |
---------------+----------------------------+-----
Axes           | 3 4 5 6 8 9 |  9.8
Dodging        | 1 2 3 |  3.3
Fighting       | 3 4 5 6 |  6.2
Armour         | 4 5 6 7 |  7.4
Shields        | 4 5 6 7 |  7.4
Invocations    | 4 |  4.3

Action                   |  1- 3 |  4- 6 |  7- 9 | 10-12 || total
-------------------------+-------+-------+-------+-------++-------
Melee: War axe           |    82 |   103 |   262 |       ||   447
       Battleaxe         |       |       |   120 |    18 ||   138
 Abil: Heal Wounds       |     1 |     5 |    13 |     1 ||    20
       Evoke Berserk Rag |       |       |     1 |       ||     1
  Use: Potion            |       |     1 |       |       ||     1
       Scroll            |       |       |    14 |       ||    14
  Eat: Chunk             |       |       |     4 |     2 ||     6
       Ration            |       |       |     1 |       ||     1
Armor: Scale mail        |    43 |    44 |    13 |       ||   100
       Plate armour      |       |       |   323 |     7 ||   330
Dodge: Dodged            |    35 |    64 |   182 |    13 ||   294
Block: Shield            |    59 |    77 |   174 |       ||   310

Vault maps used:
D:1:      evilmike_arrival_run_for_it
D:2:      kiku_gazebo_pond_becter, minmay_crystal_room, uniq_robin
D:3:      first_ration, minivault_27, minmay_vboxes
D:4:      minmay_overflow_temple_hex, lemuel_doored_altar, enter_ossuary_4
D:5:      lemuel_ratsnest, uniq_duvessa
D:6:      marbit_many_paths
D:7:      overflow_temple_1_default, temple_doors_e, serial_shops, shop,
          fedhas_altar_decomposition
D:8:      kennysheep_mini, grunt_pizzeria
D:9:      gammafunk_corrupted_shrine, nicolae_qazlal_style_of_elements,
          lair_entry_dummy, orc_0_dummy, nicolae_ru_great_annihilating_truth,
          uniq_grum
